 Dungeon Crawl Stone Soup version 0.17.0-1-g61d176b (webtiles) character file.

15917 tp1 the Eclecticist (level 12, 0/68 HPs)
             Began as a Deep Elf Conjurer on Nov 7, 2015.
             Hit by a large rock thrown by a cyclops (44 damage)
             ... on level 11 of the Dungeon.
             The game lasted 01:10:38 (14246 turns).

tp1 the Eclecticist (Deep Elf Conjurer)            Turns: 14246, Time: 01:10:38

Health: 0/68       AC: 10    Str:  5    XL:     12   Next: 5%
Magic:  27/34      EV: 16    Int: 28    God:
Gold:   737        SH:  0    Dex: 15    Spells: 3 memorised, 35 levels left

rFire  . . .     SeeInvis .     f - +4 short sword
rCold  + . .     Clarity  .     W - +2 robe
rNeg   . . .     SustAt   .     (no shield)
rPois  .         Gourm    .     (helmet restricted)
rElec  .         Spirit   .     U - +0 cloak
rCorr  .         Warding  .     v - +0 pair of gloves
rMut   .         Stasis   .     e - +0 pair of boots
MR     +....                    (no amulet)
Stlth  ++........               H - +3 ring of protection
                                x - ring of protection from cold

@: somewhat resistant to hostile enchantments, unstealthy
A: horns 1, blurry vision 1, clever 1, spit poison 1, no device heal 1,
MP-powered wands
a: Spit Poison


You were on level 11 of the Dungeon.
You were not hungry.

You visited 2 branches of the dungeon, and saw 12 of its levels.

You collected 737 gold pieces.

Inventory:

Hand Weapons
 f - a +4 short sword (weapon)
Armour
 e - a +0 pair of boots (worn)
 v - a +0 pair of gloves (worn)
 U - a +0 cloak (worn)
 V - a +1 robe of magic resistance
 W - a +2 robe (worn)
Jewellery
 x - a ring of protection from cold (left hand)
 H - a +3 ring of protection (right hand)
Wands
 m - a wand of frost (34)
 w - a wand of disintegration (14)
 A - a wand of slowing (9)
 B - a wand of polymorph (15)
 K - a wand of random effects (12)
 L - a wand of fire (4)
 Z - a wand of paralysis (6)
Scrolls
 a - a scroll of silence
 g - a scroll of enchant weapon
 j - 8 scrolls of remove curse
 l - 5 scrolls of teleportation
 q - 2 scrolls of immolation {unknown}
 r - 2 scrolls of fog {unknown}
 y - a scroll of recharging {unknown}
 F - 3 scrolls of random uselessness {unknown}
 O - a scroll of noise {unknown}
 T - a scroll of amnesia {unknown}
 Y - a scroll of brand weapon {unknown}
Potions
 d - a potion of cancellation
 i - 2 potions of invisibility
 k - 3 potions of curing
 o - a potion of degeneration {unknown}
 p - 2 potions of heal wounds
 t - a potion of ambrosia
 u - 4 potions of might {unknown}
 z - a potion of mutation {unknown}
 C - a potion of agility
 D - a potion of brilliance {unknown}
 G - a potion of magic {unknown}
 J - a potion of flight {unknown}
 M - a potion of lignification {unknown}
 N - a potion of haste {unknown}
Books
 b - a book of Conjurations

   Spells                             Type                      Level
   a - Magic Dart                     Conjuration                  1
   b - Searing Ray                    Conjuration                  2
   c - Dazzling Spray                 Conjuration/Hexes            3
   d - Fulminant Prism                Conjuration/Hexes            4
   e - Iskenderun's Mystic Blast      Conjuration                  4
   f - Iskenderun's Battlesphere      Conjuration/Charms           5
 n - a book of Burglary

   Spells                             Type                      Level
   a - Swiftness                      Charms/Air                   2
   b - Passwall                       Transmutation/Earth          3
   c - Passage of Golubria            Translocation                4
   d - Lee's Rapid Deconstruction     Earth                        5
   e - Darkness                       Hexes                        6
   f - Invisibility                   Hexes                        6
 E - a book of Unlife

   Spells                             Type                      Level
   a - Recall                         Summoning/Translocation      3
   b - Animate Dead                   Necromancy                   4
   c - Control Undead                 Necromancy                   4
   d - Cigotuvi's Embrace             Necromancy                   5
   e - Death Channel                  Necromancy                   6
   f - Simulacrum                     Ice/Necromancy               6
Comestibles
 c - 7 bread rations
 h - 4 chunks of flesh
 s - 4 meat rations
 I - a slice of pizza


   Skills:
 - Level 5.0 Fighting
 - Level 6.4 Dodging
 - Level 2.4 Stealth
 - Level 16.1 Spellcasting
 + Level 11.5 Conjurations
 - Level 11.2 Charms


You had 35 spell levels left.
You knew the following spells:

 Your Spells              Type           Power        Failure   Level  Hunger
a - Magic Dart            Conj           ####         1%          1    None
b - Searing Ray           Conj           ######       1%          2    None
c - Iskenderun's Battles  Conj/Chrm      ######..     1%          5    None


Dungeon Overview and Level Annotations

Branches:
Dungeon (11/15)            Temple (1/1) D:4            Lair (0/8) D:11
    Orc (0/4) D:11

Altars:
Ashenzari
Cheibriados
Dithmenos
Elyvilon
Fedhas
Gozag
Kikubaaqudgha
Makhleb
Nemelex Xobeh
Okawaru
Qazlal
Ru
Sif Muna
Trog
Xom
Yredelemnul
Zin
The Shining One

Shops:
D:4 %   D:6 (   D:8 (   D:10 =   D:11 [*


Innate Abilities, Weirdness & Mutations

You have a pair of small horns on your head.
Scrolls take you a little longer to read.
Your mind is acute. (Int +2)
You can spit weak poison.
Potions and wands are less effective at restoring your health.
You expend magic power (3 MP) to strengthen your wands.


Message History

Your battlesphere is destroyed!
Unknown command.
Casting: Magic Dart
Confirm with . or Enter, or press ? or * to list all spells.
You conjure a globe of magical energy.
Casting: Iskenderun's Battlesphere
Confirm with . or Enter, or press ? or * to list all spells.
Aiming: Magic Dart
Press: ? - help, Shift-Dir - straight line, f/p - cyclops
Aim: a cyclops (moderately wounded)
The magic dart hits the cyclops.
The cyclops is moderately wounded.
Your battlesphere fires!
The barrage of energy hits the cyclops.
The cyclops is heavily wounded.
The cyclops throws a large rock.
The large rock barely misses your battlesphere.
The large rock hits you!!!
Ouch! That really hurt!
You die...

### ####.### ######......#
.......#...## ########
.#######...# #......####
.##...##...# ..C.......
.##.......###### .......#.
###...###.##...######C......)
##....###.#.....@.*ยง.(#...
................#######...
..#.#.#.P......###<.##....
....#........).##........#
...#.P..P..PP...#.........
#..#...P..)....)#.....###.
#.#.........P.........# #.#
#.#..P.P####.P..)....## #.#
#.#.....'..#..P...(..# #.#


You could see a cyclops.

Vanquished Creatures
  A hydra (D:11)
  The ghost of CrazyArbalest the Quickloader, a novice MiHu of Okawaru (D:10)
  The ghost of fotsohgehT the Thaumaturge, a journeyman SpAE of Vehumet (D:11)
  An unseen horror (D:11)
  2 hill giants (D:11)
  Psyche (D:10)
  A gargoyle (D:11)
  A kobold demonologist (D:10)
  3 two-headed ogres
  A wyvern (D:6)
  17 yaks
  A deep elf fighter (D:11)
  2 hungry ghosts
  A hippogriff (D:10)
  A water moccasin (D:5)
  7 orc warriors
  5 black bears
  9 ogres
  5 phantoms
  4 sky beasts
  2 necrophages (D:9)
  An ice beast (D:8)
  9 centaurs
  2 big kobolds
  2 crocodiles
  6 giant frogs
  5 scorpions
  27 killer bees
  A quasit (D:8)
  16 wights
  5 crimson imps
  A giant frog zombie (D:11)
  A wasp zombie (D:9)
  3 centaur zombies
  5 hounds
  3 jellies
  A centaur skeleton (D:10)
  4 orc priests
  A giant frog skeleton (D:7)
  7 orc wizards
  A killer bee zombie (D:8)
  7 worker ants
  14 adders
  3 river rats (D:11)
  5 gnolls
  2 shadow imps
  4 oozes
  An adder skeleton (D:4)
  3 worms
  4 giant geckos
  30 orcs
  7 hobgoblins
  4 quokkas
  19 bats
  4 giant cockroaches
  A giant gecko skeleton (D:8)
  4 giant newts
  7 goblins
  5 jackals
  37 kobolds
  2 quokka skeletons
  20 rats
  A butterfly (D:4)
352 creatures vanquished.

Vanquished Creatures (others)
  12 fungi (D:11)
  A plant (D:11)
13 creatures vanquished.

Grand Total: 365 creatures vanquished

Notes
Turn   | Place    | Note
--------------------------------------------------------------
     0 | D:1      | tp1 the Deep Elf Conjurer began the quest for the Orb.
     0 | D:1      | Reached XP level 1. HP: 10/10 MP: 6/6
   329 | D:1      | Reached XP level 2. HP: 15/15 MP: 5/8
   403 | D:1      | Reached skill level 5 in Conjurations
   662 | D:1      | Learned a level 2 spell: Searing Ray
  1286 | D:2      | Found a blossoming altar of Fedhas.
  1399 | D:2      | Reached XP level 3. HP: 19/19 MP: 1/9
  2109 | D:2      | Reached skill level 6 in Conjurations
  2541 | D:2      | Reached XP level 4. HP: 5/24 MP: 1/11
  2566 | D:2      | HP: 1/24 [gnoll/halberd (6)]
  2947 | D:2      | Found a blossoming altar of Fedhas.
  3244 | D:3      | Reached skill level 5 in Spellcasting
  3244 | D:3      | Reached XP level 5. HP: 28/28 MP: 5/14
  3329 | D:3      | Learned a level 5 spell: Iskenderun's Battlesphere
  3429 | D:3      | Reached skill level 1 in Charms
  3844 | D:4      | Found an opulent altar of Gozag.
  3845 | D:4      | Found a sparkling altar of Nemelex Xobeh.
  3845 | D:4      | Noticed a phantom
  3889 | D:4      | Killed a phantom
  3889 | D:4      | Reached XP level 6. HP: 32/32 MP: 6/16
  3972 | D:4      | Found Keita's Food Boutique.
  3972 | D:4      | Noticed a hungry ghost
  4001 | D:4      | Killed a hungry ghost
  4026 | D:4      | Found a staircase to the Ecumenical Temple.
  4064 | Temple   | Entered the Ecumenical Temple
  4288 | D:4      | Reached skill level 7 in Charms
  4677 | D:4      | Reached XP level 7. HP: 36/36 MP: 10/17
  4753 | D:4      | Found a white marble altar of Elyvilon.
  5015 | D:5      | Entered Level 5 of the Dungeon
  5686 | D:5      | Reached skill level 8 in Spellcasting
  5768 | D:5      | Reached skill level 9 in Spellcasting
  5830 | D:5      | Reached XP level 8. HP: 31/41 MP: 10/23
  5876 | D:5      | Found a shadowy altar of Dithmenos.
  5921 | D:5      | Reached skill level 10 in Spellcasting
  6401 | D:6      | Found Wylall's Weapon Shop.
  6490 | D:6      | Found a glowing silver altar of Zin.
  6493 | D:6      | Found a bloodstained altar of Trog.
  6657 | D:6      | Found a stormy altar of Qazlal.
  7122 | D:6      | Reached XP level 9. HP: 40/45 MP: 17/25
  7328 | D:7      | Reached skill level 10 in Charms
  7459 | D:7      | Found a shattered altar of Ashenzari.
  7718 | D:7      | Reached skill level 11 in Charms
  7725 | D:7      | Found a burning altar of Makhleb.
  8149 | D:7      | Found a burning altar of Makhleb.
  8234 | D:7      | Found a shattered altar of Ashenzari.
  9137 | D:8      | Reached skill level 10 in Conjurations
  9424 | D:8      | Found a snail-covered altar of Cheibriados.
  9563 | D:8      | Reached XP level 10. HP: 50/50 MP: 8/27
  9604 | D:8      | Gained mutation: Potions and wands are less effective at restoring your health. [mutagenic meat]
  9605 | D:8      | Gained mutation: You have a pair of small horns on your head. [mutagenic meat]
  9606 | D:8      | Gained mutation: Your mind is acute. (Int +2) [mutagenic meat]
  9607 | D:8      | Gained mutation: You can spit weak poison. [mutagenic meat]
  9608 | D:8      | Gained mutation: You expend magic power (3 MP) to strengthen your wands. [mutagenic meat]
  9649 | D:8      | Found Fiffoo's Weapon Shop.
 10015 | D:9      | Reached skill level 12 in Spellcasting
 10331 | D:9      | Reached skill level 13 in Spellcasting
 10648 | D:9      | Found an ancient bone altar of Kikubaaqudgha.
 10850 | D:9      | Reached skill level 5 in Dodging
 10860 | D:9      | Gained mutation: Your muscles are strong. (Str +2) [mutagenic meat]
 10862 | D:9      | Lost mutation: Your muscles are strong. (Str +2) [mutagenic meat]
 10863 | D:9      | Gained mutation: Scrolls take you a little longer to read. [mutagenic meat]
 11083 | D:9      | Reached skill level 1 in Fighting
 11300 | D:9      | Found a deep blue altar of Sif Muna.
 11324 | D:10     | Entered Level 10 of the Dungeon
 11339 | D:10     | Noticed Psyche
 11343 | D:10     | Killed Psyche
 11357 | D:10     | Noticed CrazyArbalest's ghost (novice MiHu)
 11382 | D:10     | Killed CrazyArbalest's ghost
 11382 | D:10     | Reached XP level 11. HP: 16/60 MP: 0/30
 12037 | D:10     | Reached skill level 5 in Fighting
 12212 | D:10     | Found Heraa's Jewellery Shoppe.
 12457 | D:11     | Reached skill level 14 in Spellcasting
 12669 | D:11     | Noticed fotsohgehT's ghost (journeyman SpAE)
 12879 | D:11     | Found a staircase to the Lair.
 13079 | D:11     | Killed fotsohgehT's ghost
 13294 | D:11     | Found a staircase to the Orcish Mines.
 13321 | D:11     | Reached skill level 15 in Spellcasting
 13589 | D:11     | Noticed a hill giant
 13630 | D:11     | Noticed a seven-headed hydra
 13635 | D:11     | Killed a seven-headed hydra
 13635 | D:11     | Reached skill level 16 in Spellcasting
 13639 | D:11     | Found Efogirr's Armour Shoppe.
 13723 | D:11     | Found Tini's Assorted Antiques.
 13746 | D:11     | Killed a hill giant
 13958 | D:11     | Killed an unseen horror
 13958 | D:11     | Reached XP level 12. HP: 36/68 MP: 11/34
 14173 | D:11     | Noticed a hill giant
 14178 | D:11     | Killed a hill giant
 14246 | D:11     | Hit by a large rock thrown by a cyclops

Action                   |  1- 3 |  4- 6 |  7- 9 | 10-12 || total
-------------------------+-------+-------+-------+-------++-------
Melee: Mace              |     7 |     1 |       |       ||     8
       Dagger            |       |       |       |     1 ||     1
       Short sword       |       |       |       |     4 ||     4
 Cast: Magic Dart        |    57 |    66 |   205 |   333 ||   661
       Searing Ray       |     5 |     3 |     1 |     6 ||    15
       Iskenderun's Batt |       |     7 |    47 |    71 ||   125
 Abil: Spit Poison       |       |       |       |     1 ||     1
Evoke: Wand              |       |       |       |     4 ||     4
  Use: Scroll            |       |     1 |     4 |     8 ||    13
       Potion            |       |       |     1 |     3 ||     4
  Eat: Chunk             |     1 |     7 |    22 |    26 ||    56
       Meat ration       |     1 |       |       |       ||     1
       Fruit             |       |     2 |     2 |       ||     4
       Pizza             |       |       |     1 |       ||     1
